 Dungeon Crawl Stone Soup version 0.31-a0-983-g7b6862f502 (webtiles) character file.

Game seed: 1284276984167409920

6 IdlyInterested the Slasher (level 1, -2/16 HPs)
             Began as a Demonspawn Gladiator on Nov 2, 2023.
             Slain by a gnoll
             ... wielding a +0 spear
              (9 damage)
             ... on level 2 of the Dungeon.
             The game lasted 00:00:57 (451 turns).

IdlyInterested the Slasher (Demonspawn Gladiator)    Turns: 451, Time: 00:00:58

Health: -2/16      AC:  4    Str: 14    XL:     1   Next: 75%
Magic:  1/1        EV: 12    Int:  9    God:
Gold:   51         SH:  0    Dex: 14    Spells: 0/0 levels left

rFire   . . .        a - +0 long sword
rCold   . . .        (no shield)
rNeg    . . .        b - +0 leather armour
rPois   .            c - +0 helmet
rElec   .            (no cloak)
rCorr   .            (no gloves)
SInv    .            (no boots)
Will    .....        (no amulet)
Stlth   +            (no ring)
HPRegen 0.22/turn    (no ring)
MPRegen 0.07/turn

%: no passive effects
@: no status effects
A: no striking features
a: no special abilities


You were on level 2 of the Dungeon.
You visited 1 branch of the dungeon, and saw 2 of its levels.

You collected 51 gold pieces.

Inventory:

Hand Weapons
 a - a +0 long sword (weapon)
 i - a +0 short sword
Missiles
 d - 3 throwing nets (quivered)
 e - a javelin
 f - 10 stones
 n - 5 curare-tipped darts
Armour
 b - a +0 leather armour (worn)
 c - a +0 helmet (worn)
Talismans
 m - a flux talisman
Scrolls
 g - a scroll of teleportation {unknown}
 j - a scroll of brand weapon {unknown}
 l - a scroll of identify {unknown}
 o - a scroll of noise {unknown}
Potions
 k - a potion of cancellation {unknown}


   Skills:
 - Level 2.0 Fighting
 + Level 3.1 Long Blades
 - Level 1.7 Throwing
 - Level 2.6 Dodging


You couldn't memorise any spells.
You didn't know any spells.
Your spell library contained the following spells:

 Spells                   Type           Power      Damage    Failure   Level
 Apportation              Tloc           0%         N/A       45%         1
 Necrotise                Necr           0%         1d4       45%         1
 Summon Small Mammal      Summ           0%         N/A       45%         1


Dungeon Overview and Level Annotations

Branches:
Dungeon (2/15)

Altars:


Message History

You slash the dart slug!
You kill the dart slug!
Your Long Blades skill increases to level 3!
You start resting.
HP restored.
Found a stone staircase leading down.
There is a stone staircase leading down here.
You open the door.
Found a robe.
There is an open door here.
You see here a +0 robe.
f - 10 stones (gained 4) Done exploring.
Done exploring.
There is an escape hatch in the floor here.
You slide downwards.
The hatch slams shut behind you.
You drop a +0 dagger.
Found a stone staircase leading down.
A gnoll comes into view. It is wielding a +0 halberd.
Unknown command.
A gnoll comes into view. It is wielding a +0 spear.
The gnoll shouts!
The gnoll closely misses you. The gnoll hits you with a +0 spear.
You closely miss the gnoll. The gnoll misses you.
The gnoll hits you with a +0 spear.
You slash the gnoll!
The gnoll is heavily wounded.
The gnoll barely misses you.
You hit the gnoll.
The gnoll is severely wounded.
The gnoll hits you but does no damage.
You barely miss the gnoll.
The gnoll is severely wounded.
The gnoll hits you with a +0 spear.
You closely miss the gnoll.
The gnoll is severely wounded.
The gnoll barely misses you. The gnoll hits you with a +0 spear!
Ouch! That really hurt!
You die...

.. ... >g #.#
#. #.# #.
##.## #
#g##.#.###..#
#...###.....#
####.#.###..#
##g## # #@#
#.# #####.#
#)....#
#.##### #.#
#.# #.# #.#


You could see a gnoll.

Vanquished Creatures
  A dart slug (D:1)
  A giant cockroach (D:1)
  A hobgoblin (D:1)
  A kobold (D:1)
4 creatures vanquished.

Notes
Turn   | Place    | Note
-------+----------+-------------------------------------------
     0 | D:1      | IdlyInterested the Demonspawn Gladiator began the quest for
                  | the Orb.
     0 | D:1      | Reached XP level 1. HP: 16/16 MP: 1/1
   238 | D:1      | Reached skill level 3 in Long Blades
   451 | D:2      | Slain by a gnoll

Illustrated notes

Levels and vault maps discovered:
D:1:      amcnicky_arrival_underground_garden, layout_basic
D:2:      layout_loops_ring, shapermc_ecumenical_altar_notcrosses

Skill      XL: |  1 |
---------------+----+-----
Long Blades    | 3 |  3.1
Fighting       | |  2.0
Throwing       | |  1.7
Dodging        | |  2.6

Action                     || total
---------------------------++-------
  Melee: Long sword        ||    20
 Armour: Leather armour    ||    12
  Dodge: Dodged            ||    15

Table legend: (Time is in decaauts)
 A = Elapsed time spent in this place.
 B = Non-inter-level travel time spent in this place.
 C = Inter-level travel time spent in this place.
 D = Time resting spent in this place.
 E = Time spent auto-exploring this place.
 F = Levels seen in this place.
 G = Mean time per level.
                   A        B        C        D        E       F      G
               +--------+--------+--------+--------+--------+-----+--------+
         Total |    455 |    449 |      6 |     13 |    282 |   2 |  227.5 |
       Dungeon |    455 |    449 |      6 |     13 |    282 |   2 |  227.5 |
               +--------+--------+--------+--------+--------+-----+--------+

Top non-repeatable levels by time:
     D:1: 408 daAuts
     D:2: 46 daAuts
